 Dungeon Crawl Stone Soup version 0.31-a0-841-g038b102fc3 (webtiles) character file.

Game seed: 8684406395685547112

6138 croobank the Covert (level 10, -8/82 HPs)
             Began as a Gnoll Delver on Sept 27, 2023.
             Was an Initiate of Gozag.
             Mangled by a culicivora (shapeshifter) (16 damage)
             ... on level 8 of the Dungeon.
             The game lasted 00:34:11 (10921 turns).

croobank the Covert (Gnoll Delver)                 Turns: 10921, Time: 00:34:11

Health: -8/82      AC: 10    Str: 20    XL:     10   Next: 89%
Magic:  18/18      EV: 14    Int: 10    God:    Gozag
Gold:   1413       SH: 12    Dex: 13    Spells: 17/20 levels left

rFire   + . .        p - +0 long sword (spect)
rCold   x . .        u - +2 buckler {reflect}
rNeg    . . .        b - +0 leather armour
rPois   +            e - +1 helmet
rElec   +            j - +2 cloak {rPois}
rCorr   .            (no gloves)
SInv    .            h - +0 pair of boots
Will    .....        f - amulet of reflection
Stlth   ++++         m - +6 ring of strength
HPRegen 0.33/turn    t - ring "Nerul" {Fire +Blink rElec Str+2 Int-4}
MPRegen 0.16/turn

%: reflection
@: studying Earth Magic
A: fangs 1, strong nose, distributed training
a: Renounce Religion, Evoke Blink, Potion Petition, Call Merchant, Bribe Branch


You were on level 8 of the Dungeon.
You worshipped Gozag.
Gozag was most pleased with you.
You visited 1 branch of the dungeon, and saw 8 of its levels.
You also visited: Ossuary.

You collected 1413 gold pieces.

Inventory:

Hand Weapons
 d - a +0 war axe
 i - a +0 spectral quarterstaff
 p - a +0 spectral long sword (weapon)
 v - a +2 dagger of draining
 x - a +3 war axe
 K - a +0 dagger of speed
Missiles
 r - 5 poisoned darts
 y - 3 boomerangs
 A - 5 javelins (quivered)
Armour
 b - a +0 leather armour (worn)
 e - a +1 helmet (worn)
 h - a +0 pair of boots (worn)
 j - a +2 cloak of poison resistance (worn)
 n - a +0 ring mail
 u - a +2 buckler of reflection (worn)
Jewellery
 a - a +4 ring of protection
 f - an amulet of reflection (around neck)
 m - a +6 ring of strength (left hand)
 t - the ring "Nerul" (right hand) {Fire +Blink rElec Str+2 Int-4}
   (You found it on level 5 of the Dungeon)

   [ring of fire]

   Fire:      It enhances your fire magic.
   Str+2:     It affects your strength (+2).
   Int-4:     It affects your intelligence (-4).
   rF+:       It protects you from fire.
   rC-:       It makes you vulnerable to cold.
   rElec:     It insulates you from electricity.
   +Blink:    It lets you blink.
Wands
 g - a wand of digging (3)
 s - a wand of iceblast (19)
 D - a wand of flame (18)
Scrolls
 c - a scroll of revelation
 o - 2 scrolls of teleportation
 q - 2 scrolls of immolation
 G - 2 scrolls of fear
 H - a scroll of blinking
 J - a scroll of butterflies {unknown}
 L - a scroll of fog
Potions
 k - a potion of lignification
 l - a potion of brilliance {unknown}
 w - a potion of curing
 z - 2 potions of mutation
 B - 3 potions of attraction
 C - 3 potions of invisibility
 E - a potion of cancellation
 F - a potion of heal wounds {unknown}
 I - a potion of magic {unknown}


   Skills:
 + Level 8.9 Fighting
 + Level 7.5 Short Blades
 + Level 5.8 Long Blades
 + Level 5.8 Axes
 + Level 5.8 Maces & Flails
 + Level 5.8 Polearms
 + Level 5.8 Staves
 + Level 5.8 Ranged Weapons
 + Level 5.8 Throwing
 + Level 5.8 Armour
 + Level 7.5 Dodging
 + Level 11.2 Stealth
 + Level 5.8 Shields
 + Level 5.8 Unarmed Combat
 + Level 5.8 Spellcasting
 + Level 4.8 Conjurations
 + Level 4.8 Hexes
 + Level 4.8 Summonings
 + Level 4.8 Necromancy
 + Level 4.8 Translocations
 + Level 4.8 Transmutations
 + Level 4.8 Fire Magic
 + Level 4.8 Ice Magic
 + Level 4.8 Air Magic
 + Level 5.2 Earth Magic
 + Level 4.8 Poison Magic
 + Level 6.4 Invocations
 + Level 5.8 Evocations
 + Level 5.3 Shapeshifting


You had 17 spell levels left.
You knew the following spells:

 Your Spells              Type           Power      Damage    Failure   Level
a - Swiftness             Air            12%        N/A       12%         3

Your spell library contained the following spells:

 Spells                   Type           Power      Damage    Failure   Level
 Shock                    Conj/Air       48%        1d6       4%          1
 Airstrike                Air            6%         2d(1-17)  38%         4


Dungeon Overview and Level Annotations

Branches:
Dungeon (8/15)             Temple (0/1) D:4         Ossuary (visited)
   Lair: D:8-11

Altars:
Elyvilon
Fedhas
Gozag
Hepliaklqana
Nemelex Xobeh
Okawaru
Ru
Sif Muna
Uskayaw


Innate Abilities, Weirdness & Mutations

You have very sharp teeth.
Your uncanny sense of smell can sniff out nearby items.
Your experience applies equally to all skills.


Message History

Your +0 spectral long sword hits the culicivora!
You feel sluggish. You block the culicivora's attack.
A centaur comes into view.
You block the culicivora's attack.
You closely miss the culicivora.
The culicivora is heavily wounded.
Your +0 spectral long sword hits the culicivora!
The culicivora bites you!
The culicivora draws strength from your injuries!
The culicivora bites you!
* * * LOW HITPOINT WARNING * * *
The culicivora draws strength from your injuries!
You barely miss the culicivora.
The culicivora is heavily wounded.
Your +0 spectral long sword completely misses the culicivora.
The culicivora misses you.
You hit the culicivora.
The culicivora is heavily wounded.
Your +0 spectral long sword hits the culicivora.
The culicivora closely misses your +0 spectral long sword.
The culicivora bites your +0 spectral long sword but does no damage.
You strike the helpless culicivora from behind!
You hit the culicivora.
The culicivora is severely wounded.
Your +0 spectral long sword hits the culicivora!
The culicivora bites your +0 spectral long sword!!
Your spectral weapon shares its damage with you!
Your +0 spectral long sword disappears.
* * * LOW HITPOINT WARNING * * *
You block the culicivora's attack.
Okay, then.
It was a potion of cancellation.
Your magical effects are unravelling.
You feel magically purged.
You no longer feel sluggish.
You block the culicivora's attack.
You feel better. The culicivora bites you!
You die...
Your body crumbles into a pile of gold.

##.............###
## ∆ ∆ #..#
##.......##.#.## ∆∆∆
..#
##..##.#.##.#.#.##
###
#..###...#.#.#.#.#
#####.##
#..###.#.#.##
##.....#
#.)##.#.#.#.##
...#####
#)##.#.#.#.#)## ####
#####.#'#+#######'#+
#.....#.##@scc.....#
#....##.##.###.###.#
#....###.###.#.#.###
#...##.#.##.##.##.#
##...#..##.##.....##
#...##.#.#.##.....#
∆
#...#..#.##.##...##
#..###.##.#.##...#
#..#.##.#.##.#


You could see a centaur warrior, a culicivora and a centaur.

Vanquished Creatures
  A skeletal warrior (D:7)
  An unseen horror (D:7)
  A troll (D:6)
  Grinder (D:5)
  5 wraiths (D:7)
  5 yaks
  Menkaure (D:4)
  A water moccasin (D:5)
  Duvessa (D:7)
  A black bear (D:7)
  3 ice beasts
  2 orc warriors
  2 sky beasts (D:6)
  2 ogres
  3 centaurs
  A phantom (D:5)
  A bullfrog (D:7)
  A scorpion (D:5)
  A gnoll sergeant (D:7)
  2 wights
  Dowan (D:7)
  2 howler monkeys (D:6)
  8 centaur zombies (Ossuary)
  3 hounds
  3 jellies
  Crazy Yiuf (D:4)
  A gnoll bouda (D:5)
  3 orc priests
  6 iguanas
  2 sleepcaps
  Ijyb (D:3)
  7 orc wizards
  6 mummies (Ossuary)
  9 gnolls
  11 adders
  2 shadow imps
  2 white imps
  3 ufetubi
  7 worms
  4 dart slugs
  22 orcs
  5 bats
  5 endoplasms
  5 giant cockroaches
  7 goblins
  3 hobgoblins
  7 jackals (D:1)
  15 kobolds
  3 quokkas
  9 ball pythons
  3 frilled lizards
  A hobgoblin zombie (Ossuary)
  3 rats
206 creatures vanquished.

Vanquished Creatures (others)
  A kobold brigand (D:6)
  A quokka (D:7)
  A spectral weapon (D:8)
3 creatures vanquished.

Grand Total: 209 creatures vanquished

Notes
Turn   | Place    | Note
-------+----------+-------------------------------------------
     0 | D:5      | Reached skill level 9 in Stealth
     0 | D:5      | croobank the Gnoll Delver began the quest for the Orb.
     0 | D:5      | Reached XP level 1. HP: 23/23 MP: 1/1
    53 | D:6      | Noticed a jelly
   135 | D:5      | Noticed a centaur
   135 | D:5      | Noticed an ice beast
   201 | D:4      | Noticed an iguana
   203 | D:4      | Reached XP level 2. HP: 29/29 MP: 2/2
   226 | D:4      | Reached skill level 1 in Invocations
   226 | D:4      | Reached XP level 3. HP: 14/35 MP: 2/4
   501 | D:4      | Found a shimmering blue altar of Sif Muna.
   505 | D:4      | Reached skill level 1 in Long Blades
   505 | D:4      | Reached skill level 1 in Axes
   505 | D:4      | Reached skill level 1 in Maces & Flails
   505 | D:4      | Reached skill level 1 in Polearms
   505 | D:4      | Reached skill level 1 in Staves
   505 | D:4      | Reached skill level 1 in Ranged Weapons
   505 | D:4      | Reached skill level 1 in Throwing
   505 | D:4      | Reached skill level 1 in Armour
   505 | D:4      | Reached skill level 1 in Shields
   505 | D:4      | Reached skill level 1 in Unarmed Combat
   505 | D:4      | Reached skill level 1 in Spellcasting
   505 | D:4      | Reached skill level 1 in Evocations
   505 | D:4      | Reached skill level 1 in Shapeshifting
   505 | D:4      | Reached XP level 4. HP: 41/41 MP: 5/5
   854 | D:4      | Reached skill level 1 in Conjurations
   854 | D:4      | Reached skill level 1 in Hexes
   854 | D:4      | Reached skill level 1 in Summonings
   854 | D:4      | Reached skill level 1 in Necromancy
   854 | D:4      | Reached skill level 1 in Translocations
   854 | D:4      | Reached skill level 1 in Transmutations
   854 | D:4      | Reached skill level 1 in Fire Magic
   854 | D:4      | Reached skill level 1 in Ice Magic
   854 | D:4      | Reached skill level 1 in Air Magic
   854 | D:4      | Reached skill level 1 in Earth Magic
   854 | D:4      | Reached skill level 1 in Poison Magic
  1411 | D:1      | Reached XP level 5. HP: 47/47 MP: 5/7
  2634 | D:3      | HP: 2/47 [orc priest/nerve-wracking pain (14)]
  3157 | D:3      | Found a sacrificial altar of Ru.
  3379 | D:3      | Reached XP level 6. HP: 53/53 MP: 8/8
  3388 | D:3      | Found an iron altar of Okawaru.
  3550 | D:3      | Found a faded altar of an unknown god.
  3693 | D:3      | Prayed at the altar of an unknown god.
  3693 | D:3      | Became a worshipper of Gozag Ym Sagoz the Greedy
  3943 | D:3      | Reached skill level 5 in Short Blades
  3943 | D:3      | Reached skill level 5 in Dodging
  4152 | D:4      | Noticed Ijyb
  4342 | D:3      | Killed Ijyb
  4723 | D:4      | Found a staircase to the Ecumenical Temple.
  4822 | D:4      | Noticed Menkaure
  4825 | D:4      | Killed Menkaure
  4826 | D:4      | Reached XP level 7. HP: 60/60 MP: 10/10
  4875 | D:4      | Found a runed translucent door.
  4876 | D:4      | Noticed Crazy Yiuf
  4883 | D:4      | Killed Crazy Yiuf
  5445 | D:5      | Noticed Grinder
  5458 | D:5      | Reached skill level 10 in Stealth
  5459 | D:5      | Paralysed by Grinder for 4 turns
  5473 | D:5      | Paralysed by Grinder for 2 turns
  5480 | D:5      | Killed Grinder
  5481 | D:5      | Reached XP level 8. HP: 58/67 MP: 12/12
  5812 | D:5      | Found a sparkling altar of Nemelex Xobeh.
  6233 | D:5      | Identified the ring "Nerul" {Fire +Blink rElec Str+2 Int-4}
  6703 | D:6      | Noticed a yak
  6703 | D:6      | Noticed a yak
  6729 | D:6      | Killed a yak
  6730 | D:6      | Reached XP level 9. HP: 73/73 MP: 14/14
  7776 | D:6      | Found a hide-covered altar of Uskayaw.
  7818 | D:6      | Noticed a troll
  7925 | D:7      | Reached skill level 5 in Invocations
  8027 | D:7      | Found a sand-covered staircase.
  8243 | Ossuary  | Entered an ossuary
  8271 | Ossuary  | Reached XP level 10. HP: 55/80 MP: 17/17
  8298 | Ossuary  | Reached skill level 5 in Long Blades
  8298 | Ossuary  | Reached skill level 5 in Axes
  8298 | Ossuary  | Reached skill level 5 in Maces & Flails
  8298 | Ossuary  | Reached skill level 5 in Polearms
  8298 | Ossuary  | Reached skill level 5 in Staves
  8298 | Ossuary  | Reached skill level 5 in Ranged Weapons
  8298 | Ossuary  | Reached skill level 5 in Throwing
  8298 | Ossuary  | Reached skill level 5 in Armour
  8298 | Ossuary  | Reached skill level 5 in Shields
  8298 | Ossuary  | Reached skill level 5 in Unarmed Combat
  8298 | Ossuary  | Reached skill level 5 in Spellcasting
  8298 | Ossuary  | Reached skill level 5 in Evocations
  8443 | D:7      | Noticed a skeletal warrior
  8462 | D:7      | Killed a skeletal warrior
  8742 | D:6      | Reached skill level 11 in Stealth
  9182 | D:6      | Found a hazy altar of Hepliaklqana.
  9321 | D:6      | Reached skill level 5 in Shapeshifting
  9467 | D:7      | Found the +5 scythe "Finisher" {speed, execute}
  9701 | D:7      | Killed an unseen horror
  9923 | D:7      | Noticed Duvessa
  9932 | D:7      | Noticed Dowan
  9948 | D:7      | Found a white marble altar of Elyvilon.
 10235 | D:7      | Reached skill level 5 in Earth Magic
 10322 | D:6      | Learned a level 3 spell: Swiftness
 10348 | D:7      | Killed Duvessa
 10351 | D:7      | Killed Dowan
 10554 | D:7      | Found a blossoming altar of Fedhas.
 10897 | D:8      | Noticed a cane toad
 10897 | D:8      | Noticed a centaur warrior
 10919 | D:8      | HP: 2/82 [culicivora (shapeshifter) (19)]
 10921 | D:8      | Mangled by a culicivora (shapeshifter)

Illustrated notes

Levels and vault maps discovered:
D:1:      dpeg_arrival_radiant, layout_loops_ring
D:2:      layout_loops_ring
D:3:      layout_basic, nicolae_ru_awakened_eye,
          hellmonk_okawaru_the_only_friend_you_need,
          chequers_ecumenical_altar_grove
D:4:      layout_loops_corners, kennysheep_orc_sif_temple,
          minmay_temple_entry_gardened_gates, minmay_crossroads, uniq_ijyb,
          uniq_crazy_yiuf_cottage, uniq_menkaure
D:5:      layout_cave_pods, nemelex_xobeh_ov_fountains_minmay, uniq_grinder
D:6:      layout_basic, nicolae_hepliaklqana_hippocampus,
          nicolae_uskayaw_murder_on_the_dancefloor, serial_aquarium,
          aquarium_bridge_square [aquarium_subvault_wall,
          aquarium_subvault_bridge, aquarium_subvault_bridge,
          aquarium_subvault_wall], aquarium_window_fake, aquarium_window_2,
          aquarium_view_2d, aquarium_balcony_double_1, aquarium_pool_split,
          minmay_manual_mess
D:7:      layout_cave_pools, elyvilon_altar_4, mainiacjoe_overflow_alcove_4,
          enter_ossuary_1, serial_bayou_pond_e, minmay_guarded_unrand_finisher,
          uniq_duvessa
D:8:      minmay_the_grid_triangle_9x9_rhombus_thin
          [minmay_the_grid_triangle_9x9_checkered,
          minmay_the_grid_triangle_9x9_prize_center,
          minmay_the_grid_triangle_9x9_longest,
          minmay_the_grid_triangle_9x9_warning], layout_rooms, serial_shops,
          nicolae_inconvenience_store, kennysheep_generic_room_4, uniq_jeremiah

Skill      XL: |  1  2  3  4  5  6  7  8  9 10 |
---------------+-------------------------------+-----
Stealth        | 10 11 | 11.2
Invocations    | 1 2 3 4 5 6 |  6.4
Long Blades    | 1 2 3 4 5 |  5.8
Axes           | 1 2 3 4 5 |  5.8
Maces & Flails | 1 2 3 4 5 |  5.8
Polearms       | 1 2 3 4 5 |  5.8
Staves         | 1 2 3 4 5 |  5.8
Ranged Weapons | 1 2 3 4 5 |  5.8
Throwing       | 1 2 3 4 5 |  5.8
Armour         | 1 2 3 4 5 |  5.8
Shields        | 1 2 3 4 5 |  5.8
Unarmed Combat | 1 2 3 4 5 |  5.8
Spellcasting   | 1 2 3 4 5 |  5.8
Evocations     | 1 2 3 4 5 |  5.8
Shapeshifting  | 1 2 3 4 5 |  5.3
Conjurations   | 1 2 3 4 |  4.8
Hexes          | 1 2 3 4 |  4.8
Summonings     | 1 2 3 4 |  4.8
Necromancy     | 1 2 3 4 |  4.8
Translocations | 1 2 3 4 |  4.8
Transmutations | 1 2 3 4 |  4.8
Fire Magic     | 1 2 3 4 |  4.8
Ice Magic      | 1 2 3 4 |  4.8
Air Magic      | 1 2 3 4 |  4.8
Earth Magic    | 1 2 3 4 5 |  5.2
Poison Magic   | 1 2 3 4 |  4.8
Short Blades   | 5 6 7 |  7.5
Dodging        | 5 6 7 |  7.5
Fighting       | 7 8 |  8.9

Action                     |  1- 3 |  4- 6 |  7- 9 | 10-12 || total
---------------------------+-------+-------+-------+-------++-------
  Melee: Short sword       |    48 |   170 |       |       ||   218
         Bite              |     3 |    24 |    49 |    39 ||   115
         Punch             |     1 |     2 |     5 |       ||     8
         Dagger            |       |   118 |   215 |       ||   333
         Quarterstaff      |       |     4 |       |       ||     4
         Long sword        |       |       |   146 |   233 ||   379
  Throw: Javelin           |       |     5 |    21 |     7 ||    33
   Cast: Swiftness         |       |       |       |     4 ||     4
  Evoke: Wand              |       |       |       |     2 ||     2
    Use: Scroll            |     2 |    12 |     1 |     2 ||    17
         Potion            |       |     1 |     5 |     5 ||    11
   Stab: Sleeping          |     3 |    27 |     5 |     5 ||    40
         Distracted        |       |       |     2 |     5 ||     7
         Invisible         |       |       |       |     3 ||     3
 Armour: Leather armour    |    15 |   106 |   220 |   147 ||   488
         Skin              |       |       |    15 |       ||    15
  Dodge: Dodged            |    21 |   142 |   268 |   133 ||   564
  Block: Buckler           |       |       |    86 |   147 ||   233
         Reflection        |       |       |     5 |     1 ||     6

Table legend: (Time is in decaauts)
 A = Elapsed time spent in this place.
 B = Non-inter-level travel time spent in this place.
 C = Inter-level travel time spent in this place.
 D = Time resting spent in this place.
 E = Time spent auto-exploring this place.
 F = Levels seen in this place.
 G = Mean time per level.
                   A        B        C        D        E       F      G
               +--------+--------+--------+--------+--------+-----+--------+
         Total |  10850 |  10634 |    216 |   3082 |   4702 |   9 | 1205.6 |
       Dungeon |  10661 |  10445 |    216 |   3023 |   4702 |   8 | 1332.6 |
       Ossuary |    189 |    189 |      0 |     59 |      0 |   1 |  189.0 |
               +--------+--------+--------+--------+--------+-----+--------+

Top non-repeatable levels by time:
     D:6: 1969 daAuts
     D:5: 1801 daAuts
     D:4: 1787 daAuts
     D:7: 1571 daAuts
     D:3: 1415 daAuts
     D:2: 1055 daAuts
     D:1: 782 daAuts
     D:8: 277 daAuts
 Ossuary: 189 daAuts
